cohdb
Replays
Latest Replays
All Replays
Popular Replays
Top Player Replays
Match Explorer
How It Works
Community
CoH3 Stats
Reddit
Sign in to upload your games and track your stats! →
Sign in with Steam
Match 35930741
Unlisted
Match 35930741
Overview
Messages
Build Orders
End
Selects Italian Coastal Battlegroup
Selects Coastal Reserves
Coastal Reserve
Kettenkrad Recon Vehicle
Coastal Reserve
Coastal Reserve
Selects Artillery Officer
Artillery Officer
Medical Bunker
Construct Infanterie Kompanie
MG 42 Machine Gun Team
Coastal Reserve
Construct Panzergrenadier Kompanie
Selects Support Bunkers
Support Elements
Selects Rapid Fortifications
Nebelwerfer 42 Rocket Launcher Team
Anti-tank Bunker
StuG III G Assault Gun
Pioneer Squad
Kettenkrad Recon Vehicle
Selects Bulwark
Nebelwerfer 42 Rocket Launcher Team
Selects Coastal Wall
Medical Bunker
Construct Luftwaffe Kompanie
Artillery Officer
MG 42 Bunker
Pak 40 Anti-tank Gun Team
MG 42 Bunker
StuG III G Assault Gun
StuG III G Assault Gun
Coastal Reserve
Nebelwerfer 42 Rocket Launcher Team
StuG III G Assault Gun
Coastal Reserve
Kettenkrad Recon Vehicle
ryad1
Sof Ya Nos
0
0
Comments
sign in to comment!
No comments posted yet!